 Dungeon Crawl Stone Soup version 0.24.1-8-ga250c9d538 (webtiles) character file.

Game seed: 10260033928107599358, levelgen mode: deterministic

319 Hugehornet the Changer (level 6, 0/38 HPs)
             Began as an Octopode Transmuter on May 4, 2020.
             Killed from afar by Ijyb (28 damage)
             ... with a bolt of acid
             ... on level 4 of the Dungeon.
             The game lasted 00:06:10 (3344 turns).

Hugehornet the Changer (Octopode Transmuter)        Turns: 3344, Time: 00:06:10

Health: 0/38       AC:  1    Str:  9    XL:     6   Next: 46%
Magic:  8/9        EV: 13    Int: 17    God:
Gold:   184        SH:  0    Dex: 13    Spells: 3/9 levels left

rFire    . . .     SeeInvis .     - Unarmed
rCold    . . .     Gourm    .   (no shield)
rNeg     . . .     Faith    .   (helmet restricted)
rPois    .         Spirit   .   (no amulet)
rElec    .         Reflect  .   i - ring of flight
rCorr    .         Harm     .   (no ring)
MR       .....                  (no ring)
Stlth    +++.......             (no ring)
HPRegen  0.12/turn              (no ring)
MPRegen  0.11/turn              (no ring)
                                (no ring)
                                (no ring)

@: no status effects
A: almost no armour, stealthy swim, amphibious, 8 rings, constrict 8, camouflage
1, gelatinous body 1
a: Evoke Flight


You were on level 4 of the Dungeon.
You were not hungry.

You visited 1 branch of the dungeon, and saw 4 of its levels.

You collected 184 gold pieces.

Inventory:

Missiles
 a - 67 arrows
Jewellery
 i - a ring of flight (left tentacle)
 k - an uncursed amulet of guardian spirit
 o - an uncursed amulet of rage {unknown}
Scrolls
 g - a scroll of fear {unknown}
 l - a scroll of enchant weapon {unknown}
 m - 3 scrolls of remove curse {unknown}
 n - a scroll of random uselessness {unknown}
 p - a scroll of identify
 q - a scroll of enchant armour {unknown}
Potions
 b - a potion of magic {unknown}
 d - a potion of brilliance
 e - 2 potions of might
 f - a potion of mutation {unknown}
 h - a potion of haste {unknown}
 j - 2 potions of flight
Comestibles
 c - 5 rations
 r - a chunk of flesh


   Skills:
 - Level 1.0 Fighting
 - Level 2.0 Dodging
 + Level 1.3 Stealth
 * Level 4.7 Unarmed Combat
 - Level 2.0 Spellcasting
 - Level 5.0 Transmutations
 - Level 2.0 Poison Magic


You had 3 spell levels left.
You knew the following spells:

 Your Spells              Type           Power        Failure   Level  Hunger
a - Beastly Appendage     Tmut           ###...       2%          1    #......
b - Sticks to Snakes      Tmut           ###.....     3%          2    ###....
c - Spider Form           Tmut/Pois      ##........   14%         3    ###....

Your spell library contained the following spells:

 Spells                   Type           Power        Failure   Level  Hunger
 Ice Form                 Ice/Tmut       ##......     56%         4    #####..
 Blade Hands              Tmut           ###.......   56%         5    ######.


Dungeon Overview and Level Annotations

Branches:
Dungeon (4/15)
 Temple: D:4-7

Altars:

Shops:
D:4 :

Annotations:
D:4 Ijyb


Innate Abilities, Weirdness & Mutations

You cannot wear most types of armour.
You are very stealthy in the water. (Stealth+)
You are amphibious.
You can wear up to eight rings at the same time.
You can use your tentacles to constrict eight enemies at once.
Your skin changes colour to match your surroundings (Stealth+).
Your rubbery body absorbs attacks. (AC +1, EV +1)


Message History

Things that are here:
a +0 flail; an orc corpse Ijyb shouts!
Things that are here:
a +0 dagger; a +0 robe; an orc corpse You hit Ijyb.
Ijyb is poisoned.
Ijyb is moderately wounded.
Your transformation has ended.
Ijyb hits you with a +0 dagger.
You tentacle-slap Ijyb. You grab Ijyb.
Ijyb is moderately wounded.
You constrict Ijyb, but do no damage. Ijyb barely misses you.
You barely miss Ijyb.
Ijyb is heavily wounded.
You constrict Ijyb, but do no damage. Ijyb hits you with a +0 dagger.
You tentacle-slap Ijyb.
Ijyb is severely wounded.
You constrict Ijyb.
Ijyb zaps a wand.
The bolt of acid hits you!!
Ouch! That really hurt!
You die...

###.....(.#######
#........#.#
#.######.#.#
#.######.#.#
#.##(......#
#####.##.###.#.#
$....##.# #.>..#
#..##)###.....#
#..)@g.......##
#.###.#####....
... ...# .####
#.##. #.## .# #
#. ### #. .. #.


You could see Ijyb.

Vanquished Creatures
  A howler monkey (D:3)
  An orc priest (D:3)
  Terence (D:2)
  3 orc wizards
  A worker ant (D:2)
  2 adders (D:2)
  A gnoll (D:2)
  6 worms
  3 dart slugs
  2 leopard geckos
  7 orcs
  12 bats
  2 giant cockroaches
  5 goblins
  6 hobgoblins
  A quokka (D:2)
  4 ball pythons
  5 frilled lizards
  3 kobolds
  5 rats
71 creatures vanquished.

Notes
Turn   | Place    | Note
-------+----------+-------------------------------------------
     0 | D:1      | Hugehornet the Octopode Transmuter began the quest for the
                  | Orb.
     0 | D:1      | Reached XP level 1. HP: 13/13 MP: 3/3
   190 | D:1      | Reached XP level 2. HP: 15/18 MP: 3/5
   394 | D:1      | Learned a level 2 spell: Sticks to Snakes
   411 | D:1      | Reached skill level 3 in Transmutations
   616 | D:2      | Reached XP level 3. HP: 17/23 MP: 4/6
   621 | D:2      | Learned a level 3 spell: Spider Form
   880 | D:2      | Noticed Terence
   890 | D:2      | Killed Terence
   890 | D:2      | Reached skill level 4 in Transmutations
   890 | D:2      | Reached XP level 4. HP: 27/28 MP: 3/7
  1228 | D:2      | Reached skill level 1 in Poison Magic
  1444 | D:2      | Reached XP level 5. HP: 17/33 MP: 3/8
  2310 | D:3      | Reached XP level 6. HP: 22/38 MP: 6/9
  2636 | D:3      | Reached skill level 5 in Transmutations
  3254 | D:4      | Found Goxaosch's Book Emporium.
  3335 | D:4      | Reached skill level 1 in Stealth
  3338 | D:4      | Noticed Ijyb
  3344 | D:4      | Killed from afar by Ijyb

Levels and vault maps discovered:
D:1:      dpeg_arrival_tiny_j, layout_loops_ring
D:2:      minmay_chambers_of_ones, layout_loops_ring, first_ration, uniq_terence
D:3:      layout_basic
D:4:      minmay_spotlight, layout_loops_corners, serial_shops,
          kennysheep_little_box, kennysheep_mini_moat,
          nicolae_shop_temple_entry_statues_fountains, shop,
          nicolae_shop_statue_plus, uniq_ijyb

Skill      XL: |  1  2  3  4  5  6 |
---------------+-------------------+-----
Transmutations | 3 4 5 |  5.0
Poison Magic   | 1 2 |  2.0
Unarmed Combat | 4 |  4.7
Stealth        | 1 |  1.3
Fighting       | |  1.0
Dodging        | |  2.0
Spellcasting   | |  2.0

Action                   |  1- 3 |  4- 6 || total
-------------------------+-------+-------++-------
Melee: Unarmed           |    50 |   131 ||   181
       Constrict         |    13 |    20 ||    33
       Kick              |    10 |    21 ||    31
       Tentacles         |     7 |     9 ||    16
       Punch             |       |     2 ||     2
 Cast: Beastly Appendage |    17 |    20 ||    37
       Spider Form       |     1 |     5 ||     6
  Use: Scroll            |       |     3 ||     3
 Stab: Sleeping          |     4 |     2 ||     6
  Eat: Chunk             |       |     9 ||     9
Armor: Skin              |     4 |    15 ||    19
Dodge: Dodged            |    29 |    75 ||   104
